 Dungeon Crawl Stone Soup version 0.29-a0-350-g7790a0e70a (webtiles) character file.

Game seed: 12650086865286092330

196 HendSelp the Cutter (level 5, -6/37 HPs)
             Began as an Octopode Fighter on Apr 22, 2022.
             Splashed by a jelly's acid (10 damage)
             ... on level 4 of the Dungeon.
             The game lasted 00:03:09 (2939 turns).

HendSelp the Cutter (Octopode Fighter)              Turns: 2939, Time: 00:03:09

Health: -6/37      AC: -3    Str: 15    XL:     5   Next: 74%
Magic:  5/5        EV: 14    Int: 10    God:
Gold:   184        SH: 10    Dex: 14    Spells: 4/4 levels left

rFire   . . .      SeeInvis .   a - +1 rapier
rCold   . . .      Faith    .   b - +0 buckler
rNeg    . . .      Spirit   .   (helmet restricted)
rPois   .          Reflect  +   f - amulet of reflection
rElec   .          Harm     .   (no ring)
rCorr   .          Rampage  .   (no ring)
Will    .....                   (no ring)
Stlth   ++........              (no ring)
HPRegen 0.12/turn               (no ring)
MPRegen 0.09/turn               (no ring)
                                (no ring)
                                (no ring)

@: corroded
A: almost no armour, amphibious, 8 rings, camouflage 1, gelatinous body 1,
(nimble swimmer 1), tentacles
a: no special abilities


You were on level 4 of the Dungeon.
You visited 1 branch of the dungeon, and saw 4 of its levels.

You collected 184 gold pieces.

Inventory:

Hand Weapons
 a - a +1 rapier (weapon)
Armour
 b - a +0 buckler (worn)
Jewellery
 f - an amulet of reflection (around mantle)
 k - an amulet of regeneration
Wands
 e - a wand of charming (7)
Scrolls
 i - a scroll of enchant armour {unknown}
 l - a scroll of amnesia {unknown}
 n - a scroll of identify
Potions
 c - a potion of might
 d - a potion of mutation {unknown}
 g - 2 potions of curing {unknown}
 h - 2 potions of haste
 j - 2 potions of brilliance {unknown}
 m - a potion of invisibility {unknown}


   Skills:
 * Level 3.9 Fighting
 * Level 4.0 Short Blades
 * Level 3.9 Dodging
 * Level 3.6 Shields


You had 4 spell levels left.
You didn't know any spells.
Your spell library contained the following spells:

 Spells                   Type           Power      Damage    Failure   Level
 Pain                     Necr           0%         1d4       45%         1
 Slow                     Hex            0%         N/A       45%         1
 Confusing Touch          Hex            0%         N/A       83%         3
 Gell's Gravitas          Tloc           0%         N/A       83%         3
 Inner Flame              Hex/Fire       0%         N/A       83%         3
 Lesser Beckoning         Tloc           0%         N/A       83%         3
 Teleport Other           Tloc           0%         N/A       83%         3
 Vampiric Draining        Necr           0%         2d6       83%         3
 Cause Fear               Hex            0%         N/A       99%         4
 Agony                    Necr           0%         N/A       100%        5
 Excruciating Wounds      Necr           0%         N/A       100%        5
 Yara's Violent Unravell  Hex/Tmut       0%         3d3       100%        5
 Enfeeble                 Hex            0%         N/A       100%        7
 Discord                  Hex            0%         N/A       100%        8


Dungeon Overview and Level Annotations

Branches:
Dungeon (4/15)
 Temple: D:4-7

Altars:
Sif Muna
Uskayaw
Xom


Innate Abilities, Weirdness & Mutations

You cannot wear most types of armour.
You are amphibious.
You can wear up to eight rings at the same time.
Your skin changes colour to match your surroundings (Stealth+).
Your rubbery body absorbs attacks. (AC +1, EV +1)
((You are camouflaged when in or above water. (Stealth+)))
You have tentacles for arms and can constrict up to eight enemies at once.


Message History

No target in view!
A dart slug comes into view.
A dart slug is nearby!
A goblin and a jelly come into view.
Found a stone staircase leading down.
The jelly quivers.
The helpless dart slug fails to defend itself.
You puncture the dart slug!
You kill the dart slug!
Your Short Blades skill increases to level 4!
An orc comes into view. It is wielding a +0 falchion.
Found a dagger.
An endoplasm and an orc come into view.
The endoplasm quivers.
The jelly closely misses you.
The endoplasm moves out of view.
You hit the jelly.
Your tentacles burn!
You squeeze the jelly!
The jelly is severely wounded.
You block the jelly's attack.
You hit the jelly.
Your tentacles burn!
The jelly is severely wounded.
The jelly jiggles.
The jelly hits you. The acid corrodes you!
You are splashed with acid!
Unknown command.
You hit the jelly.
Your tentacles burn!
You squeeze the jelly, but do no damage.
The jelly is almost dead.
The jelly hits you.
You are splashed with acid!
* * * LOW HITPOINT WARNING * * *
Unknown command.
You are too injured to fight recklessly!
Unknown command.
You are too injured to fight recklessly!
Unknown command.
You hit the jelly but do no damage.
Your tentacles burn!
* * * LOW HITPOINT WARNING * * *
The jelly is almost dead.
The jelly hits you.
* * * LOW HITPOINT WARNING * * *
You are splashed with acid!
You die...

#..........#
#..........#
####..........#
#.............#
#............)# .
#...#.##.###### ...####
#....|##[# #
.......###....###.### #
oo...JJ@.....>......####
.##......###..###.#....#
#...............○☼.....
...g......)......≈☼≈☼≈..
..#..............≈☼≈≈≈..
. ###...........)≈≈○....
#............≈≈≈≈≈.#
#.#..........≈≈≈≈≈..
#..)............○..#


You could see a jelly, 2 orcs, an endoplasm and a goblin (asleep).

Vanquished Creatures
  A hound (D:4)
  An orc priest (D:3)
  An orc wizard (D:2)
  3 adders
  An ufetubus (D:4)
  3 dart slugs
  6 orcs
  5 ball pythons
  2 bats
  2 endoplasms
  3 giant cockroaches
  4 goblins
  7 hobgoblins
  8 jackals (D:3)
  6 kobolds
  4 quokkas
  2 frilled lizards
  A rat (D:1)
60 creatures vanquished.

Vanquished Creatures (others)
  2 plants (D:2)
2 creatures vanquished.

Grand Total: 62 creatures vanquished

Notes
Turn   | Place    | Note
-------+----------+-------------------------------------------
     0 | D:1      | HendSelp the Octopode Fighter began the quest for the Orb.
     0 | D:1      | Reached XP level 1. HP: 16/16 MP: 1/1
   157 | D:1      | Reached XP level 2. HP: 15/21 MP: 2/2
  1190 | D:1      | Reached XP level 3. HP: 26/26 MP: 3/3
  1738 | D:3      | Reached XP level 4. HP: 31/31 MP: 4/4
  1781 | D:3      | Found a shimmering altar of Xom.
  1794 | D:3      | Found a hide-covered altar of Uskayaw.
  2267 | D:3      | Reached skill level 3 in Short Blades
  2434 | D:3      | Reached XP level 5. HP: 21/37 MP: 5/5
  2771 | D:4      | Found a shimmering blue altar of Sif Muna.
  2934 | D:4      | Reached skill level 4 in Short Blades
  2939 | D:4      | Splashed by a jelly's acid

Illustrated notes

Levels and vault maps discovered:
D:1:      psy_arrival_radial02, layout_basic, corexii_corridor_pit, fountainhead
D:2:      layout_rooms, serial_bayou_ford_a
D:3:      layout_basic, amethyst_overflow_temple_binary, serial_corexii_hall,
          corexii_hall_statues_i, corexii_hall_statues_l
D:4:      layout_rooms, nicolae_sif_muna_condensation,
          minmay_temple_entry_offerings, uniq_blork_the_orc

Skill      XL: |  1  2  3  4  5 |
---------------+----------------+-----
Short Blades   | 3 4 |  4.0
Fighting       | |  3.9
Dodging        | |  3.9
Shields        | |  3.6

Action                   |  1- 3 |  4- 6 || total
-------------------------+-------+-------++-------
Melee: Rapier            |    51 |    79 ||   130
       Constrict         |    16 |    20 ||    36
       Tentacles         |     7 |    22 ||    29
  Use: Scroll            |     5 |     3 ||     8
 Stab: Sleeping          |     7 |     2 ||     9
Armor: Skin              |     1 |     7 ||     8
Dodge: Dodged            |    15 |    30 ||    45
Block: Buckler           |     6 |    15 ||    21

Table legend: (Time is in decaauts)
 A = Elapsed time spent in this place.
 B = Non-inter-level travel time spent in this place.
 C = Inter-level travel time spent in this place.
 D = Time resting spent in this place.
 E = Time spent auto-exploring this place.
 F = Levels seen in this place.
 G = Mean time per level.
                   A        B        C        D        E       F      G
               +--------+--------+--------+--------+--------+-----+--------+
         Total |   2955 |   2923 |     32 |    255 |   2234 |   4 |  738.8 |
       Dungeon |   2955 |   2923 |     32 |    255 |   2234 |   4 |  738.8 |
               +--------+--------+--------+--------+--------+-----+--------+

Top non-repeatable levels by time:
     D:1: 1320 daAuts
     D:3: 779 daAuts
     D:2: 652 daAuts
     D:4: 203 daAuts
